NWL (28 & UNDER)
BISMARK BORDER GUARDS @ RIVERSIDE RED BULLS
06/11/2023
 
TOP OF THE 1ST
Bismark Border Guards batting - Pitching for Riverside Red Bulls : RHP Nariaki Tanaka
Pitching: RHP Nariaki Tanaka
Batting: LHB Nelson Peña 0-0: Called Strike
0-1: Ball
1-1: Ball
2-1: Ball
3-1: Fly out, F7 (Flyball, 7M)
Batting: LHB Jim Jensen 0-0: Ball
1-0: Called Strike
1-1: Foul Ball, location: 2F
1-2: Strikes out swinging
Batting: RHB Carlos MacKinney 0-0: Ball
1-0: Ball
2-0: Ball
3-0: Base on Balls
Batting: RHB Sean Anderson 0-0: Ball
1-0: Ball
2-0: Foul Ball, location: 2F
2-1: Foul Ball, location: 2F
2-2: Foul Ball, location: 2F
2-2: Strikes out swinging
Top of the 1st over - 0 run(s), 0 hit(s), 0 error(s), 1 left on base; Bismark 0 - Riverside 0
BOTTOM OF THE 1ST
Riverside Red Bulls batting - Pitching for Bismark Border Guards : RHP Mike Pierce
Pitching: RHP Mike Pierce
Batting: RHB Joe Scott 0-0: Ball
1-0: Ball
2-0: Foul Ball, location: 2F
2-1: Ball
3-1: Base on Balls
Batting: RHB José Zúñiga 0-0: Called Strike
0-1: Ball
1-1: Ball
2-1: Grounds into double play, 4-6-3 (Groundball, 4)
Batting: LHB Jorge Meléndez 0-0: Ball
1-0: Swinging Strike
1-1: Foul Ball, location: 2F
1-2: Ball
2-2: Strikes out swinging
Bottom of the 1st over - 0 run(s), 0 hit(s), 0 error(s), 0 left on base; Bismark 0 - Riverside 0
TOP OF THE 2ND
Bismark Border Guards batting - Pitching for Riverside Red Bulls : RHP Nariaki Tanaka
Batting: RHB Mike Wright 0-0: Ball
1-0: Ball
2-0: Fly out, F7 (Flyball, 78D)
Batting: RHB Ramiro Ross 0-0: Foul Ball, location: 2F
0-1: Ball
1-1: Ball
2-1: Ball
3-1: SOLO HOME RUN (Flyball, 7LD), Distance : 382 ft
Batting: RHB Salvador Borbón 0-0: Called Strike
0-1: Ball
1-1: Swinging Strike
1-2: Ball
2-2: Fly out, F8 (Flyball, 89M)
Batting: LHB John Summers 0-0: Swinging Strike
0-1: Ball
1-1: Ball
2-1: Called Strike
2-2: Ball
3-2: Strikes out swinging
Top of the 2nd over - 1 run(s), 1 hit(s), 0 error(s), 0 left on base; Bismark 1 - Riverside 0
BOTTOM OF THE 2ND
Riverside Red Bulls batting - Pitching for Bismark Border Guards : RHP Mike Pierce
Batting: SHB Sloan James 0-0: Ball
1-0: Ball
2-0: Ball
3-0: Base on Balls
Batting: RHB Chris Osborn 0-0: Called Strike
0-1: Foul Ball, location: 2F
0-2: Ball
1-2: Fly out, F7 (Line Drive, 7M)
Batting: RHB Júlio García 0-0: Ball
1-0: Foul Ball, location: 2F
1-1: Ball
2-1: Ball
3-1: Base on Balls
Sloan James to second
Batting: RHB Kyle Bacon 0-0: SINGLE (Groundball, 4MD)
Sloan James to third
Júlio García to second
Runner from 3rd tries for Home, SAFE, throw made home
Júlio García to third
Kyle Bacon to second
Batting: RHB Soshu Nakamura 0-0: Swinging Strike
0-1: Ball
1-1: Ball
2-1: Ball
3-1: Foul Ball, location: 2F
3-2: Base on Balls
Batting: SHB Chun-yeong Kim 0-0: Ball
1-0: SINGLE (Line Drive, 8LS)
Júlio García scores
Kyle Bacon to third
Soshu Nakamura to second
Batting: RHB Joe Scott 0-0: Ball
1-0: Ground out 5-3 (Groundball, 56S)
Kyle Bacon scores
Soshu Nakamura to third
Chun-yeong Kim to second
Batting: RHB José Zúñiga 0-0: Fly out, F8 (Flyball, 8LM)
Bottom of the 2nd over - 3 run(s), 2 hit(s), 0 error(s), 2 left on base; Bismark 1 - Riverside 3
TOP OF THE 3RD
Bismark Border Guards batting - Pitching for Riverside Red Bulls : RHP Nariaki Tanaka
Batting: RHB Enrico Rodríguez 0-0: TRIPLE (Line Drive, 89D)
Batting: LHB Nelson Peña 0-0: Foul Ball, location: 2F
0-1: Fly out, F8 (Flyball, 78M)
Runner from 3rd tags up, SCORES, throw made
Batting: LHB Jim Jensen 0-0: Ball
1-0: Ground out 1-3 (Groundball, 13)
Batting: RHB Carlos MacKinney 0-0: Swinging Strike
0-1: Ball
1-1: Called Strike
1-2: Fly out, F6 (Popup, 6MD)
Top of the 3rd over - 1 run(s), 1 hit(s), 0 error(s), 0 left on base; Bismark 2 - Riverside 3
BOTTOM OF THE 3RD
Riverside Red Bulls batting - Pitching for Bismark Border Guards : RHP Mike Pierce
Batting: LHB Jorge Meléndez 0-0: Ball
1-0: Ball
2-0: Ball
3-0: Called Strike
3-1: Base on Balls
Batting: SHB Sloan James 0-0: Ball
1-0: Ball
2-0: Called Strike
2-1: Called Strike
2-2: Ball
Jorge Meléndez steals 2nd base
3-2: Base on Balls
Batting: RHB Chris Osborn 0-0: Ball
1-0: Foul Ball, location: 2F
1-1: Called Strike
1-2: Ball
2-2: Strikes out swinging
Batting: RHB Júlio García 0-0: Foul Ball, location: 2F
0-1: Ball
1-1: Called Strike
1-2: Foul Ball, location: 2F
1-2: Grounds into double play, 5-4-3 (Groundball, 5)
Bottom of the 3rd over - 0 run(s), 0 hit(s), 0 error(s), 1 left on base; Bismark 2 - Riverside 3
TOP OF THE 4TH
Bismark Border Guards batting - Pitching for Riverside Red Bulls : RHP Nariaki Tanaka
Batting: RHB Sean Anderson 0-0: Ball
1-0: Foul Ball, location: 2F
1-1: Ball
2-1: Fly out, F5 (Popup, 5F)
Batting: RHB Mike Wright 0-0: SINGLE (Line Drive, 7LS)
Batting: RHB Ramiro Ross 0-0: Ball
1-0: Swinging Strike
1-1: Called Strike
1-2: Ball
2-2: Grounds into double play, 1-6-3 (Groundball, 13)
Top of the 4th over - 0 run(s), 1 hit(s), 0 error(s), 0 left on base; Bismark 2 - Riverside 3
BOTTOM OF THE 4TH
Riverside Red Bulls batting - Pitching for Bismark Border Guards : RHP Mike Pierce
Batting: RHB Kyle Bacon 0-0: Ground out 6-3 (Groundball, 6)
Batting: RHB Soshu Nakamura 0-0: Swinging Strike
0-1: Ball
1-1: DOUBLE (Line Drive, 8LXD)
Batting: SHB Chun-yeong Kim 0-0: Ball
1-0: Ball
2-0: Ball
3-0: Base on Balls
Batting: RHB Joe Scott 0-0: Called Strike
0-1: Ball
1-1: Ball
2-1: Ground out 5-3 (Groundball, 56S)
Soshu Nakamura to third
Chun-yeong Kim to second
Batting: RHB José Zúñiga 0-0: Ball
1-0: Ground out U3 (Groundball, 3)
Bottom of the 4th over - 0 run(s), 1 hit(s), 0 error(s), 2 left on base; Bismark 2 - Riverside 3
TOP OF THE 5TH
Bismark Border Guards batting - Pitching for Riverside Red Bulls : RHP Nariaki Tanaka
Batting: RHB Salvador Borbón 0-0: Fly out, F8 (Flyball, 8RXD)
Batting: LHB John Summers 0-0: Ground out 6-3 (Groundball, 6M)
Batting: RHB Enrico Rodríguez 0-0: Ball
1-0: Called Strike
1-1: Foul Ball, location: 2F
1-2: Ball
2-2: Ball
3-2: Fly out, F7 (Flyball, 7M)
Top of the 5th over - 0 run(s), 0 hit(s), 0 error(s), 0 left on base; Bismark 2 - Riverside 3
BOTTOM OF THE 5TH
Riverside Red Bulls batting - Pitching for Bismark Border Guards : RHP Mike Pierce
Batting: LHB Jorge Meléndez 0-0: Ball
1-0: Foul Ball, location: 2F
1-1: Called Strike
1-2: Strikes out swinging
Batting: SHB Sloan James 0-0: Ball
1-0: Called Strike
1-1: Ball
2-1: Ball
3-1: Base on Balls
Batting: RHB Chris Osborn 0-0: Ball
1-0: Ball
2-0: Called Strike
2-1: Grounds into double play, 5-4-3 (Groundball, 56)
Bottom of the 5th over - 0 run(s), 0 hit(s), 0 error(s), 0 left on base; Bismark 2 - Riverside 3
TOP OF THE 6TH
Bismark Border Guards batting - Pitching for Riverside Red Bulls : RHP Nariaki Tanaka
Batting: LHB Nelson Peña 0-0: Fly out, F7 (Flyball, 78S)
Batting: LHB Jim Jensen 0-0: Called Strike
0-1: Swinging Strike
0-2: Ball
1-2: Strikes out swinging
Batting: RHB Carlos MacKinney 0-0: Ball
1-0: Called Strike
1-1: Swinging Strike
1-2: Foul Ball, location: 2F
1-2: Ground out 1-3 (Groundball, 15)
Top of the 6th over - 0 run(s), 0 hit(s), 0 error(s), 0 left on base; Bismark 2 - Riverside 3
BOTTOM OF THE 6TH
Riverside Red Bulls batting - Pitching for Bismark Border Guards : RHP Mike Pierce
Batting: RHB Júlio García 0-0: Ball
1-0: Called Strike
1-1: Fly out, F9 (Flyball, 9LMF)
Batting: RHB Kyle Bacon 0-0: Ball
1-0: Called Strike
1-1: Foul Ball, location: 2F
1-2: Ball
2-2: Fly out, F8 (Flyball, 8LM)
Batting: RHB Soshu Nakamura 0-0: Ball
1-0: Ball
2-0: Called Strike
2-1: Foul Ball, location: 2F
2-2: Foul Ball, location: 2F
2-2: Ball
3-2: Foul Ball, location: 2F
3-2: Ground out 5-3 (Groundball, 15S)
Bottom of the 6th over - 0 run(s), 0 hit(s), 0 error(s), 0 left on base; Bismark 2 - Riverside 3
TOP OF THE 7TH
Bismark Border Guards batting - Pitching for Riverside Red Bulls : RHP Nariaki Tanaka
Batting: RHB Sean Anderson 0-0: Foul Ball, location: 2F
0-1: Reached on error, E1 (Groundball, 15S)
Pinch Hitting: LHB Colin Ives 0-0: Ball
1-0: Ball
2-0: DOUBLE (Groundball, 3L)
Sean Anderson to third
Batting: RHB Ramiro Ross 0-0: Ball
1-0: Called Strike
1-1: Ball
2-1: SINGLE (Groundball, 34S)
Sean Anderson scores
Colin Ives to third
Pinch Hitting: LHB Melvin White 0-0: Swinging Strike
0-1: Foul Ball, location: 2F
0-2: Strikes out swinging
Batting: LHB John Summers 0-0: Foul Ball, location: 2F
0-1: Ball
1-1: Swinging Strike
1-2: Fly out, F6 (Popup, 56)
Pinch Hitting: LHB Rusty Herbert 0-0: Called Strike
0-1: Foul Ball, location: 2F
0-2: Strikes out swinging
Top of the 7th over - 1 run(s), 2 hit(s), 1 error(s), 2 left on base; Bismark 3 - Riverside 3
BOTTOM OF THE 7TH
Riverside Red Bulls batting - Pitching for Bismark Border Guards : RHP Mike Pierce
Pitching: RHP Andrew Kirk
Now at 2B: Rusty Herbert
Now in LF: Colin Ives
Batting: SHB Chun-yeong Kim 0-0: Called Strike
Now at 2B: Zi-xing King 0-1: Swinging Strike
0-2: Ball
1-2: Ground out 6-3 (Groundball, 6)
Batting: RHB Joe Scott 0-0: Called Strike
0-1: Ball
1-1: Swinging Strike
1-2: Strikes out swinging
Batting: RHB José Zúñiga 0-0: Ball
1-0: Swinging Strike
1-1: Ball
2-1: Ball
3-1: Fly out, F8 (Flyball, 8RM)
Bottom of the 7th over - 0 run(s), 0 hit(s), 0 error(s), 0 left on base; Bismark 3 - Riverside 3
TOP OF THE 8TH
Bismark Border Guards batting - Pitching for Riverside Red Bulls : RHP Nariaki Tanaka
Batting: LHB Nelson Peña 0-0: Ball
1-0: DOUBLE (Groundball, 3L)
Pitching: RHP Wayne Barksdale
Batting: LHB Jim Jensen 0-0: Ball
1-0: Ball
2-0: Ball
3-0: Base on Balls
Batting: RHB Carlos MacKinney 0-0: Ball
1-0: Ball
2-0: Called Strike
2-1: Fly out, F8 (Flyball, 8RS)
Batting: RHB Sean Anderson 0-0: Called Strike
0-1: Foul Ball, location: 2F
0-2: Ball
1-2: Strikes out swinging
Batting: LHB Colin Ives 0-0: Ball
1-0: Called Strike
1-1: Called Strike
1-2: Foul Ball, location: 2F
1-2: Strikes out swinging
Top of the 8th over - 0 run(s), 1 hit(s), 0 error(s), 2 left on base; Bismark 3 - Riverside 3
BOTTOM OF THE 8TH
Riverside Red Bulls batting - Pitching for Bismark Border Guards : RHP Andrew Kirk
Batting: LHB Jorge Meléndez 0-0: Called Strike
0-1: Ball
1-1: Ball
2-1: Foul Ball, location: 2F
2-2: Foul Ball, location: 2F
2-2: Ball
3-2: Base on Balls
Batting: SHB Sloan James 0-0: Ball
1-0: Ball
2-0: Fly out, F9 (Flyball, 9LMF)
Batting: RHB Chris Osborn 0-0: Called Strike
0-1: Called Strike
0-2: Strikes out swinging
Jorge Meléndez steals 2nd base
Batter strikes out.
Batting: RHB Júlio García 0-0: Ground out 5-3 (Groundball, 15S)
Bottom of the 8th over - 0 run(s), 0 hit(s), 0 error(s), 1 left on base; Bismark 3 - Riverside 3
TOP OF THE 9TH
Bismark Border Guards batting - Pitching for Riverside Red Bulls : RHP Wayne Barksdale
Pitching: LHP Stu Creichton
Batting: RHB Ramiro Ross 0-0: Ball
1-0: Ground out 6-3 (Groundball, 6)
Batting: RHB Zi-xing King 0-0: Ball
1-0: Ball
2-0: Foul Ball, location: 2F
2-1: Called Strike
2-2: Strikes out looking
Pinch Hitting: RHB José Cintrón 0-0: Called Strike
0-1: Called Strike
0-2: Ball
1-2: Foul Ball, location: 2F
1-2: Strikes out swinging passed ball, reaches first!
Pinch Hitting: RHB Henry Paul 0-0: Foul Ball, location: 2F
0-1: SINGLE (Line Drive, 4MD)
José Cintrón to second
Batting: LHB Nelson Peña 0-0: Called Strike
0-1: Foul Ball, location: 2F
0-2: Ball
1-2: Ball
2-2: 3-RUN HOME RUN (Line Drive, 89XD), Distance : 408 ft
Batting: LHB Jim Jensen 0-0: Foul Ball, location: 2F
0-1: Ball
1-1: Ball
2-1: Ball
3-1: DOUBLE (Flyball, 7LM)
Batting: RHB Carlos MacKinney 0-0: Ball
1-0: Called Strike
1-1: Ball
Wild Pitch!
Jim Jensen to third
2-1: Fly out, F2 (Popup, 2RF)
Top of the 9th over - 3 run(s), 3 hit(s), 0 error(s), 1 left on base; Bismark 6 - Riverside 3
BOTTOM OF THE 9TH
Riverside Red Bulls batting - Pitching for Bismark Border Guards : RHP Andrew Kirk
Pitching: LHP Jim Evens
Now at C: Júlio Colón
Now at SS: Henry Paul
Batting: RHB Kyle Bacon 0-0: Ground out 6-3 (Groundball, 6M)
Batting: RHB Soshu Nakamura 0-0: Ball
1-0: Foul Ball, location: 2F
1-1: Ball
2-1: Ball
3-1: Called Strike
3-2: Strikes out swinging
Batting: SHB Chun-yeong Kim 0-0: Called Strike
0-1: Foul Ball, location: 2F
0-2: Fly out, F7 (Flyball, 78D)
Bottom of the 9th over - 0 run(s), 0 hit(s), 0 error(s), 0 left on base; Bismark 6 - Riverside 3
This league is powered by Out of the Park Baseball, the baseball management simulation game for PC, Mac and Linux
Wednesday, December 2nd, 2015 - OOTP Baseball 16.8 Build 38